 Seeded DCSS version 0.31-a0-1278-g11c5b68f87 (webtiles) character file.

Game seed: 11648212501175763444 (custom seed)

145 timneilson the Ruffian (level 5, 0/35 HPs)
             Began as an Octopode Shapeshifter on Dec 17, 2023.
             Splashed by a jelly's acid (11 damage)
             ... on level 4 of the Dungeon.
             The game lasted 00:03:17 (2884 turns).

timneilson the Ruffian (Octopode Shapeshifter)      Turns: 2884, Time: 00:03:17

Health: 0/35       AC: -3    Str: 15    XL:     5   Next: 27%
Magic:  5/5        EV: 13    Int: 12    God:
Gold:   198        SH:  0    Dex: 12    Spells: 4/4 levels left

rFire   . .          .
                       - Unarmed
rCold   . . .        (no shield)
rNeg    . . .        (helmet currently unavailable)
rPois   .            (no amulet)
rElec   .            (no ring)
rCorr   .            (no ring)
SInv    .            (no ring)
Will    .....        (no ring)
Stlth   +++          (no ring)
HPRegen 0.25/turn    (no ring)
MPRegen 0.09/turn    (no ring)
                     (no ring)

%: no passive effects
@: beast-form, corroded
A: beast (slay +2), almost no armour, amphibious, 8 rings, camouflage 1,
gelatinous body 1, (nimble swimmer 1), tentacles
a: Begin Untransformation


You were on level 4 of the Dungeon.
You were a hulking beast.
You visited 1 branch of the dungeon, and saw 4 of its levels.

You collected 198 gold pieces.

Inventory:

Jewellery
 e - a ring of protection from fire
Talismans
 b - a beast talisman
 c - a flux talisman
Wands
 i - a wand of light (5)
Scrolls
 f - a scroll of amnesia
 h - a scroll of teleportation
Potions
 a - a potion of lignification
 g - 2 potions of enlightenment
 j - a potion of resistance


   Skills:
 * Level 2.4 Fighting
 * Level 2.9 Dodging
 + Level 1.9 Stealth
 * Level 3.7 Unarmed Combat
 + Level 0.1 Evocations
 * Level 3.7 Shapeshifting


You had 4 spell levels left.
You didn't know any spells.
Your spell library contained the following spells:

 Spells                   Type           Power      Damage    Failure   Level
 Shock                    Conj/Air       0%         1d3       32%         1
 Poisonous Vapours        Pois/Air       0%         N/A       45%         2
 Mephitic Cloud           Conj/Pois/Air  0%         N/A       69%         3
 Swiftness                Air            0%         N/A       69%         3
 Airstrike                Air            0%         2d(0-16)  97%         4
 Freezing Cloud           Conj/Ice/Air   0%         6-21      100%        5
 Iskenderun's Battlesphe  Conj           0%         2d6       100%        5
 Bombard                  Conj/Erth      0%         9d1       100%        6
 Spellforged Servitor     Conj/Summ      0%         N/A       100%        7


Dungeon Overview and Level Annotations

Branches:
Dungeon (4/15)
 Temple: D:4-7

Altars:

Shops:
D:1 =


Innate Abilities, Weirdness & Mutations

You are a hulking beast.
Your limbs bulge with bestial killing power. (Slay +2)
You cannot wear most types of armour.
You are amphibious.
You can wear up to eight rings at the same time.
Your skin changes colour to match your surroundings (Stealth+).
Your rubbery body absorbs attacks. (AC +1, EV +1)
((You are camouflaged when in or above water. (Stealth+)))
You have tentacles for arms and can constrict up to eight enemies at once.


Message History

The ball python attacks as it pursues you!
The ball python closely misses you. The ball python barely misses you.
The giant cockroach waves its antennae.
You barely miss the hobgoblin. You grab the hobgoblin.
You constrict the hobgoblin, but do no damage.
The ball python bites you. The ball python closely misses you.
The orc misses you.
You tentacle-slap the hobgoblin.
You kill the hobgoblin!
The orc misses you. The adder attacks as it pursues you! The adder bites you.
The ball python bites you but does no damage.
The ball python barely misses you. x2; The ball python closely misses you.
The adder bites you. The adder attacks as it pursues you!
The adder barely misses you.
You barely miss the adder. Your grab misses the adder.
The adder closely misses you.
You closely miss the adder. You grab the adder. Your squeeze misses the adder.
You constrict the adder. The adder bites you.
A jelly comes into view.
The adder bites you.
The jelly quivers.
You tentacle-slap the adder. You squeeze the adder!
You kill the adder!
You barely miss the ball python. Your grab misses the ball python.
The ball python bites you. The ball python barely misses you.
You tentacle-slap the ball python.
You kill the ball python!
You tentacle-slap the giant cockroach. You grab the giant cockroach.
The giant cockroach is heavily wounded.
You constrict the giant cockroach. The giant cockroach bites you.
You tentacle-slap the giant cockroach.
You kill the giant cockroach!
You tentacle-slap the orc but do no damage.
Your grab misses the orc. You squeeze the orc.
You kill the orc!
You tentacle-slap the jelly.
Your tentacles burn!
You tentacle-slap the jelly.
The jelly is moderately wounded.
The jelly hits you. The acid corrodes you!
You are splashed with acid!
You die...

### ..# #.# #.# . #.#
#. #h# #.# #J#
#...##w# #.....##
##.#...# #
##..############
###.....##>....##.
........w.w..<.......
...###.####........$.


You could see a worm and a jelly.

Vanquished Creatures
  8 adders
  5 dart slugs
  An orc (D:4)
  10 bats
  3 giant cockroaches
  8 hobgoblins
  4 jackals (D:1)
  2 quokkas
  3 ball pythons
  A frilled lizard (D:2)
  4 goblins
  8 kobolds
  6 rats
63 creatures vanquished.

Notes
Turn   | Place    | Note
-------+----------+-------------------------------------------
     0 | D:1      | timneilson the Octopode Shapeshifter began the quest for
                  | the Orb.
     0 | D:1      | Reached XP level 1. HP: 13/13 MP: 1/1
   140 | D:1      | Reached XP level 2. HP: 13/18 MP: 2/2
   493 | D:1      | Reached skill level 1 in Stealth
   510 | D:1      | Found a transporter.
   515 | D:1      | Found Zablos's Jewellery Shop.
   541 | D:1      | Reached XP level 3. HP: 23/23 MP: 3/3
   546 | D:1      | Found a transporter.
  1179 | D:2      | HP: 1/24 [poisoned by an adder]
  1779 | D:3      | Reached XP level 4. HP: 29/29 MP: 4/4
  1986 | D:2      | Identified the +1 leather armour "Puoklof" {Harm}
  2210 | D:2      | Reached XP level 5. HP: 12/34 MP: 5/5
  2884 | D:4      | Splashed by a jelly's acid

Illustrated notes

Levels and vault maps discovered:
D:1:      dpeg_arrival_rhombus, layout_basic, serial_shops,
          nicolae_shop_drivethru, minmay_vboxes
D:2:      layout_basic
D:3:      layout_basic
D:4:      layout_rooms, lightli_sewer_entry_pipes,
          mainiacjoe_ossuary_entry_find_the_door, uniq_eustachio, uniq_menkaure

Skill      XL: |  1  2  3  4 |
---------------+-------------+-----
Stealth        | 1 |  1.9
Fighting       | 2 |  2.4
Dodging        | |  2.9
Unarmed Combat | |  3.7
Evocations     | |  0.1
Shapeshifting  | |  3.7

Action                     |  1- 3 |  4- 6 || total
---------------------------+-------+-------++-------
  Melee: Unarmed           |    77 |    54 ||   131
         Constrict         |    21 |    11 ||    32
         Tentacles         |    13 |     7 ||    20
         Punch             |     1 |     2 ||     3
    Use: Scroll            |     6 |     2 ||     8
   Stab: Sleeping          |     6 |     6 ||    12
         Distracted        |     1 |       ||     1
 Armour: Skin              |    30 |    34 ||    64
  Dodge: Dodged            |    41 |    43 ||    84

Table legend: (Time is in decaauts)
 A = Elapsed time spent in this place.
 B = Non-inter-level travel time spent in this place.
 C = Inter-level travel time spent in this place.
 D = Time resting spent in this place.
 E = Time spent auto-exploring this place.
 F = Levels seen in this place.
 G = Mean time per level.
                   A        B        C        D        E       F      G
               +--------+--------+--------+--------+--------+-----+--------+
         Total |   2876 |   2651 |    225 |     67 |   2146 |   4 |  719.0 |
       Dungeon |   2876 |   2651 |    225 |     67 |   2146 |   4 |  719.0 |
               +--------+--------+--------+--------+--------+-----+--------+

Top non-repeatable levels by time:
     D:2: 1399 daAuts
     D:1: 744 daAuts
     D:3: 710 daAuts
     D:4: 22 daAuts
